 Dungeon Crawl Stone Soup version 0.27.1-33-g824d729ab1 (webtiles) character file.

Game seed: 3029894619261920350

53 Descartes the Grasshopper (level 3, 0/17 HPs)
             Began as a Felid Warper on Nov 24, 2021.
             Slain by a river rat (8 damage)
             ... in a sewer.
             The game lasted 00:09:05 (4016 turns).

Descartes the Grasshopper (Felid Warper)            Turns: 4016, Time: 00:09:06

Health: 0/17       AC:  1    Str:  8    XL:     3   Next: 64%
Magic:  7/7        EV: 19    Int: 14    God:
Gold:   140        SH:  0    Dex: 15    Spells: 6/6 levels left
                                        Lives:  0   Deaths: 1

rFire    . . .     SeeInvis +     - Unarmed
rCold    . . .     Faith    .   (shield unavailable)
rNeg     . . .     Spirit   .   (armour unavailable)
rPois    .         Reflect  .   (helmet unavailable)
rElec    .         Harm     .   (cloak unavailable)
rCorr    .         Rampage  .   (gloves unavailable)
Will     .....                  (boots unavailable)
Stlth    +.........             (no amulet)
HPRegen  0.05/turn              (no ring)
MPRegen  0.10/turn              (no ring)

@: quick
A: very small, claws 1, fangs 3, see invisible, speed 1, shaggy fur 1, stealthy
paws, no weapons or thrown items, no armour, multi-lived, robust 1
a: no special abilities


You were in a sewer.
You visited 1 branch of the dungeon, and saw 3 of its levels.
You also visited: Sewer.

You collected 140 gold pieces.

Inventory:

Missiles
 e - 95 stones
Jewellery
 c - an amulet of magic regeneration
Scrolls
 a - a scroll of blinking
 j - a scroll of enchant armour
Potions
 k - a potion of brilliance


   Skills:
 - Level 2.0 Fighting
 * Level 4.9 Dodging
 * Level 3.4 Unarmed Combat
 - Level 2.0 Spellcasting
 + Level 5.3 Translocations


You had 6 spell levels left.
You didn't know any spells.
Your spell library contained the following spells:

 Spells                   Type           Power      Damage    Failure   Level
 Blink                    Tloc           N/A        N/A       4%          2
 Gell's Gravitas          Tloc           8%         N/A       9%          3
 Lesser Beckoning         Tloc           8%         N/A       9%          3
 Teleport Other           Tloc           16%        N/A       9%          3
 Frozen Ramparts          Ice            2%         1d2       56%         3
 Manifold Assault         Tloc           16%        N/A       58%         5
 Ice Form                 Ice/Tmut       1%         N/A       93%         4
 Summon Ice Beast         Ice/Summ       1%         N/A       93%         4
 Storm Form               Tmut/Air       0%         N/A       100%        7


Dungeon Overview and Level Annotations

Branches:
Dungeon (3/15)              Sewer (1/1)

Altars:
Beogh

Annotations:
D:3 Grinder


Innate Abilities, Weirdness & Mutations

You have sharp claws.
You have razor-sharp teeth.
You have supernaturally acute eyesight. (SInv)
You cover ground quickly. (Speed+)
You are covered in fur. (AC +1)
Your paws help you pounce on unaware monsters.
You are incapable of wielding weapons or throwing items.
You cannot wear armour.
You gain extra lives every three experience levels.
You are robust. (+10% HP)


Message History

You enter the shallow water.
Moving in this stuff is going to be slow.
A river rat is nearby!
You closely miss the river rat. Your bite misses the river rat.
The river rat is moderately wounded.
The river rat bites you!
Ouch! That really hurt!
You are too injured to fight recklessly!
You are too injured to fight recklessly!
You are too injured to fight recklessly!
You closely miss the river rat.
The river rat is moderately wounded.
The river rat closely misses you.
You closely miss the river rat. Your bite misses the river rat.
The river rat is moderately wounded.
The river rat misses you.
You scratch the river rat but do no damage.
You bite the river rat, but do no damage.
The river rat is moderately wounded.
The river rat closely misses you.
You barely miss the river rat.
The river rat is moderately wounded.
The river rat barely misses you.
You closely miss the river rat.
The river rat is moderately wounded.
The river rat closely misses you.
You closely miss the river rat.
You bite the river rat, but do no damage.
The river rat is moderately wounded.
The river rat closely misses you.
You scratch the river rat.
The river rat is severely wounded.
The river rat barely misses you.
You scratch the river rat but do no damage.
The river rat is severely wounded.
The river rat misses you.
You scratch the river rat but do no damage.
The river rat is severely wounded.
The river rat bites you!
You die...

#####################
.≈≈≈≈≈≈≈≈≈≈≈≈≈≈≈....##
.≈≈≈≈≈≈≈.≈≈≈≈≈≈≈.....#
.≈≈≈r≈≈≈≈≈#≈≈≈≈r@.∩..#
.≈≈≈rrr≈≈≈≈≈≈≈≈≈..∩..#
.≈≈≈≈≈†≈≈≈≈≈≈≈≈≈.....#
#≈≈≈≈≈≈≈≈≈≈≈≈≈≈≈#...##
#####################


You could see a river rat.

Vanquished Creatures
  4 gnolls
  2 adders
  A river rat (Sewer)
  A dart slug (D:1)
  2 endoplasms (D:2)
  7 giant cockroaches
  4 goblins
  5 hobgoblins
  2 quokkas
  3 ball pythons
  4 bats
  3 frilled lizards
  2 kobolds
  10 rats
50 creatures vanquished.

Notes
Turn   | Place    | Note
-------+----------+-------------------------------------------
     0 | D:1      | Descartes the Felid Warper began the quest for the Orb.
     0 | D:1      | Reached XP level 1. HP: 9/9 MP: 4/4
   257 | D:1      | Reached XP level 2. HP: 10/13 MP: 6/6
   817 | D:1      | Found a faded altar of an unknown god.
  1144 | D:2      | Reached XP level 3. HP: 16/16 MP: 7/7
  1571 | D:1      | Reached skill level 5 in Translocations
  1936 | D:2      | Reached XP level 4. HP: 17/19 MP: 8/8
  3154 | D:3      | Noticed a phantom
  3333 | D:3      | Noticed a scorpion
  3447 | D:3      | Found a glowing drain.
  3468 | D:3      | Noticed Grinder
  3483 | Sewer    | Entered a sewer
  3656 | Sewer    | Gained mutation: Your magical capacity is low. (-10% MP)
                  | [potion of mutation]
  3656 | Sewer    | Gained mutation: You expend magic power (3 MP) to
                  | strengthen your wands. [potion of mutation]
  3656 | Sewer    | Gained mutation: You passively map a small area around you.
                  | [potion of mutation]
  3656 | Sewer    | Gained mutation: You are robust. (+10% HP) [potion of
                  | mutation]
  3657 | Sewer    | HP: 1/20 [rat (3)]
  3663 | Sewer    | HP: 1/30 [rat (2)]
  3996 | Sewer    | Lost mutation: Your magical capacity is low. (-10% MP)
                  | [potion of mutation]
  3996 | Sewer    | Lost mutation: You expend magic power (3 MP) to strengthen
                  | your wands. [potion of mutation]
  3996 | Sewer    | Lost mutation: You passively map a small area around you.
                  | [potion of mutation]
  3996 | Sewer    | Gained mutation: Your magical capacity is low. (-10% MP)
                  | [potion of mutation]
  3996 | Sewer    | Lost mutation: Your magical capacity is low. (-10% MP)
                  | [potion of mutation]
  3996 | Sewer    | Slain by a river rat
  3997 | Sewer    | Reached XP level 3. HP: -4/17 MP: 7/7
  4016 | Sewer    | Slain by a river rat

Illustrated notes

Levels and vault maps discovered:
D:1:      dpeg_arrival_prison, layout_basic,
          hellmonk_ecumenical_altar_defaced_shrine
D:2:      layout_loops_ring, minmay_joined_circles
D:3:      layout_loops_cross, grunt_qazlal_sundering, lemuel_tele_altar,
          mainiacjoe_overflow_divided_tiny, gup_sewer_entry_glass,
          kennysheep_small_spiral, uniq_grinder
Sewer:    sewer_minmay_w

Skill      XL: |  1  2  3 |
---------------+----------+-----
Dodging        | 4 |  4.9
Unarmed Combat | 3 |  3.4
Translocations | 5 |  5.3
Fighting       | |  2.0
Spellcasting   | |  2.0

Action                   |  1- 3 |  4- 6 || total
-------------------------+-------+-------++-------
Melee: Unarmed           |   115 |    91 ||   206
       Bite              |    13 |     7 ||    20
       Punch             |     1 |     1 ||     2
  Use: Potion            |       |     9 ||     9
       Scroll            |       |     4 ||     4
 Stab: Sleeping          |     2 |     1 ||     3
Armor: Skin              |     7 |    15 ||    22
Dodge: Dodged            |    81 |    82 ||   163
